 Dungeon Crawl Stone Soup version 0.30.1 (webtiles) character file.

Game seed: 17219523365279052068

167 Babbit the Chopper (level 5, 32/47 HPs)
             Began as a Minotaur Fighter on July 12, 2023.
             Quit the game on level 3 of the Dungeon.
             The game lasted 00:13:52 (1955 turns).

Babbit the Chopper (Minotaur Fighter)               Turns: 1955, Time: 00:13:53

Health: 32/47      AC: 12    Str: 22    XL:     5   Next: 23%
Magic:  4/4        EV:  6    Int:  5    God:
Gold:   172        SH:  4    Dex: 10    Spells: 4/4 levels left

rFire   . . .        a - +0 war axe
rCold   . . .        c - +0 buckler
rNeg    . . .        r - +0 plate armour
rPois   .            (helmet restricted)
rElec   .            (no cloak)
rCorr   .            (no gloves)
SInv    .            (no boots)
Will    .....        (no amulet) Stlth
                     (no ring)
HPRegen 0.27/turn    (no ring)
MPRegen 0.09/turn

%: no passive effects
@: no status effects
A: horns 2, retaliatory headbutt
a: no special abilities


You were on level 3 of the Dungeon.
You visited 1 branch of the dungeon, and saw 3 of its levels.

You collected 172 gold pieces.

Inventory:

Hand Weapons
 a - a +0 war axe (weapon)
Missiles
 g - 10 poisoned darts (quivered)
 p - 3 silver javelins
Armour
 c - a +0 buckler (worn)
 r - a +0 plate armour (worn)
Scrolls
 e - a scroll of identify
 f - 2 scrolls of fear
 i - 2 scrolls of magic mapping {unknown}
 j - a scroll of teleportation {unknown}
 k - a scroll of acquirement {unknown}
 m - a scroll of noise {unknown}
 o - 2 scrolls of fog {unknown}
 q - a scroll of silence {unknown}
Potions
 d - a potion of might
 h - a potion of haste
 l - a potion of brilliance
 n - 2 potions of heal wounds {unknown}


   Skills:
 + Level 4.3 Fighting
 + Level 4.8 Axes
 + Level 4.5 Armour
 + Level 0.2 Dodging
 + Level 4.4 Shields


You had 4 spell levels left.
You didn't know any spells.
Your spell library contained the following spells:

 Spells                   Type           Power      Damage    Failure   Level
 Simulacrum               Ice/Necr       0%         N/A       100%        6
 Ozocubu's Refrigeration  Ice            0%         4d7       100%        7
 Polar Vortex             Ice            0%         N/A       100%        9


Dungeon Overview and Level Annotations

Branches:
Dungeon (3/15)

Altars:


Innate Abilities, Weirdness & Mutations

You have a pair of horns on your head.
You reflexively headbutt those who attack you in melee.


Message History

Things that are here:
a +0 hand axe; an orc corpse You barely miss the orc priest.
The orc priest hits you but does no damage.
You hit the orc priest but do no damage.
The orc priest barely misses you.
The orc priest calls down the wrath of Beogh upon you.
Beogh smites you!
You closely miss the orc priest.
The orc priest hits you but does no damage.
You hit the orc priest.
The orc priest is moderately wounded.
The orc priest hits you with a +0 trident.
You hit the orc priest.
The orc priest is moderately wounded.
You block the orc priest's attack. x2
You hit the orc priest.
The orc priest is heavily wounded.
The orc priest barely misses you.
You closely miss the orc priest. You headbutt the orc priest.
The orc priest is severely wounded.
The orc priest barely misses you.
You hit the orc priest.
The orc priest is almost dead.
The orc priest hits you but does no damage.
The orc priest miscasts a cantrip.
You slash the orc priest!
You kill the orc priest!
Things that are here:
a +0 club; an orc corpse
Things that are here:
a +0 hand axe; an orc corpse
Things that are here:
a +0 trident; an orc corpse Saving game... please wait.
Welcome back, Babbit the Minotaur Fighter.
Press ? for a list of commands and other information.
Unknown command.
Unknown command.
Are you sure you want to abandon this character and quit the game? (Confirm with "yes".)

# #............#..#.#.#<#..#.###.
# #............#.....)#....#.....
# #............#...............#.
# #............................#.
# #.......#######..............##
..#.......# .....#.###......'.
#.........# .#.#.............#.
#####.########+#.########......#.
# .. .......@..))........###. #
............)..##.#.# #. #
...............##.#.# #[ #
...............##.#.# #.
.......#+########.#.# #. .......
#........#.# #. .......
#.########.# #. .......
#.#........# #. #.#.########...


There were no monsters in sight!

Vanquished Creatures
  An orc priest (D:3)
  Crazy Yiuf (D:2)
  3 adders
  A worm (D:2)
  3 dart slugs (D:1)
  3 orcs (D:3)
  8 ball pythons
  7 endoplasms
  3 giant cockroaches
  10 hobgoblins
  A quokka (D:1)
  8 bats
  2 frilled lizards
  8 goblins
  4 kobolds
  5 rats
68 creatures vanquished.

Notes
Turn   | Place    | Note
-------+----------+-------------------------------------------
     0 | D:1      | Babbit the Minotaur Fighter began the quest for the Orb.
     0 | D:1      | Reached XP level 1. HP: 19/19 MP: 0/0
   211 | D:1      | Reached XP level 2. HP: 10/26 MP: 1/1
   443 | D:1      | Reached XP level 3. HP: 33/33 MP: 2/2
  1030 | D:2      | Reached XP level 4. HP: 40/40 MP: 3/3
  1128 | D:2      | Found a runed translucent door.
  1129 | D:2      | Noticed Crazy Yiuf
  1137 | D:2      | Killed Crazy Yiuf
  1937 | D:3      | Reached XP level 5. HP: 42/47 MP: 4/4
  1955 | D:3      | Quit the game

Illustrated notes

Levels and vault maps discovered:
D:1:      spicycebolla_arrival_xxxplode, layout_loops_cross, minmay_tetromino_o4
D:2:      layout_basic, uniq_crazy_yiuf_cottage
D:3:      layout_basic, kennysheep_small_spiral

Skill      XL: |  1  2  3  4 |
---------------+-------------+-----
Armour         | 4 |  4.5
Fighting       | 4 |  4.3
Shields        | 4 |  4.4
Axes           | 3 4 |  4.8
Dodging        | |  0.2

Action                     |  1- 3 |  4- 6 || total
---------------------------+-------+-------++-------
  Melee: War axe           |    81 |    64 ||   145
         Headbutt          |     9 |     8 ||    17
    Use: Scroll            |     2 |     1 ||     3
 Armour: Scale mail        |    33 |    28 ||    61
         Plate armour      |       |     5 ||     5
  Dodge: Dodged            |    31 |    34 ||    65
  Block: Buckler           |    22 |    17 ||    39
